 Dungeon Sprint DCSS version 0.31-a0-986-g5e6e4ef867 (webtiles) character file.

Game seed: 8192853830522792888

942 rocky1 the Martial Artist (level 8, -8/50 HPs)
             Began as an Octopode Shapeshifter on Nov 17, 2023.
             Was an Initiate of Gozag.
             Shot with an arrow by a centaur warrior (20 damage)
             ... in the Dungeon (Sprint IX: "|||||||||||||||||||||||||||||").
             The game lasted 00:01:00 (414 turns).

rocky1 the Martial Artist (Octopode Shapeshifter)    Turns: 414, Time: 00:01:02

Health: -8/50      AC:  1    Str: 13    XL:     8   Next: 12%
Magic:  8/8        EV: 16    Int: 15    God:    Gozag
Gold:   693        SH:  0    Dex: 17    Spells: 7/7 levels left

rFire   . .          .
                       - Unarmed
rCold   . . .        (no shield)
rNeg    . . .        (helmet currently unavailable)
rPois   .            (no amulet)
rElec   .            l - +3 ring of dexterity
rCorr   .            m - +3 ring of intelligence
SInv    .            (no ring)
Will    .....        (no ring)
Stlth   +++++        (no ring)
HPRegen 0.28/turn    (no ring)
MPRegen 0.11/turn    (no ring)
                     (no ring)

%: no teleportation
@: beast-form, gold aura
A: beast (slay +4), almost no armour, amphibious, 8 rings, camouflage 1,
gelatinous body 1, (nimble swimmer 1), tentacles
a: Begin Untransformation, Renounce Religion, Potion Petition, Call Merchant,
Bribe Branch


You were in the Dungeon.
You worshipped Gozag.
Gozag was pleased with you.
You were a hulking beast.
You visited 1 branch You collected 693 gold pieces.

Inventory:

Jewellery
 l - a +3 ring of dexterity (left tentacle)
 m - a +3 ring of intelligence (right tentacle)
Talismans
 b - a beast talisman
 c - a flux talisman
Wands
 k - a wand of light (4) (quivered)
Scrolls
 i - 2 scrolls of blinking
 j - 2 scrolls of amnesia
Potions
 a - a potion of lignification
 d - 5 potions of curing
 e - 2 potions of heal wounds
 f - a potion of haste
 g - 4 potions of magic
 h - a potion of invisibility


   Skills:
 + Level 1.8 Fighting
 + Level 6.2 Dodging
 + Level 6.9 Stealth
 + Level 11.3 Unarmed Combat
 + Level 1.2 Evocations
 + Level 10.4 Shapeshifting


You had 7 spell levels left.
You didn't know any spells.
Your spell library was empty.

Dungeon Overview and Level Annotations

Branches:
Dungeon (1/1)

Altars:
Cheibriados
Dithmenos
Elyvilon
Fedhas
Gozag
Hepliaklqana
Kikubaaqudgha
Makhleb
Nemelex Xobeh
Okawaru
Qazlal
Ru
Sif Muna
Trog
Uskayaw
Vehumet
Wu Jian
Xom
Yredelemnul
Zin
The Shining One
Jiyva
Lugonu


Innate Abilities, Weirdness & Mutations

You are a hulking beast.
Your limbs bulge with bestial killing power. (Slay +4)
You cannot wear most types of armour.
You are amphibious.
You can wear up to eight rings at the same time.
Your skin changes colour to match your surroundings (Stealth+).
Your rubbery body absorbs attacks. (AC +1, EV +1)
((You are camouflaged when in or above water. (Stealth+)))
You have tentacles for arms and can constrict up to eight enemies at once.


Message History

The troll is blinded.
The centaur warrior shouts!
The wraith barely misses you.
Aiming: Bolt of Light
Press: ? - help, Q - select action, (/) - cycle Shift-Dir - straight line, f/p - wraith
Aim: a wraith (moderately damaged, 71% to hit)
The bolt of light hits the wraith.
The wraith is moderately damaged.
The bolt of light misses the deep elf pyromancer.
The bolt of light hits the centaur warrior!
The centaur warrior is heavily wounded.
The bolt of light hits the troll!
The troll is heavily wounded.
The wraith hits you!
Unknown command.
Aiming: Bolt of Light
Press: ? - help, Q - select action, (/) - cycle Shift-Dir - straight line, f/p - wraith
Aim: a wraith (moderately damaged, 71% to hit)
The bolt of light hits the wraith!!
The wraith is almost destroyed.
The bolt of light hits the deep elf pyromancer!
The deep elf pyromancer is severely wounded.
The bolt of light hits the centaur warrior!
The centaur warrior is severely wounded.
The bolt of light hits the troll!
The troll is almost dead.
The wraith completely misses you.
You tentacle-slap the wraith but do no damage.
You squeeze the wraith.
You destroy the wraith!
The deep elf pyromancer casts a spell at you.
The bolt of fire hits you!!
Ouch! That really hurt!
* * * LOW HITPOINT WARNING * * *
The centaur warrior wields a +0 shortbow.
The centaur warrior shoots an arrow.
The arrow misses the deep elf pyromancer.
The arrow hits you!!
You die...
Your body crumbles into a pile of gold. ▓▓▓▓▓▓▓▓▓▓▓▓▓▓▓▓▓▓▓▓▓▓▓▓ cC.Tce$h..)))'..[[[.)..' ▓▓▓▓▓▓▓▓▓▓▓▓▓▓▓▓▓▓▓▓▓▓▓▓

You could see 2 centaur warriors, a cyclops, a deep elf pyromancer (blind) and a troll (blind).

Vanquished Creatures
  A troll (D)
  A wraith (D)
  A wyvern (D)
  A yak (D)
  An orc warrior (D)
  An ice beast (D)
  2 scorpions (D)
  A wight (D)
  A jelly (D)
  An orc wizard (D)
  An ufetubus (D)
  A dart slug (D)
  An endoplasm (D)
  3 goblins (D)
17 creatures vanquished.

Notes
Turn   | Place    | Note
-------+----------+-------------------------------------------
     0 | D        | rocky1 the Octopode Shapeshifter began the quest for the
                  | Orb.
     0 | D        | Reached XP level 1. HP: 13/13 MP: 1/1
    17 | D        | Reached XP level 2. HP: 6/18 MP: 2/2
   170 | D        | Noticed a scorpion
   170 | D        | Noticed an ice beast
   170 | D        | Noticed a scorpion
   174 | D        | Killed a scorpion
   175 | D        | Reached skill level 1 in Stealth
   175 | D        | Reached skill level 5 in Unarmed Combat
   175 | D        | Reached skill level 5 in Shapeshifting
   175 | D        | Reached XP level 3. HP: 23/23 MP: 3/3
   175 | D        | Reached XP level 4. HP: 28/28 MP: 4/4
   180 | D        | Killed an ice beast
   181 | D        | Reached skill level 7 in Unarmed Combat
   181 | D        | Reached XP level 5. HP: 33/33 MP: 5/5
   184 | D        | Reached skill level 8 in Unarmed Combat
   184 | D        | Reached XP level 6. HP: 38/38 MP: 6/6
   224 | D        | Found a snail-covered altar of Cheibriados.
   224 | D        | Found a shadowy altar of Dithmenos.
   224 | D        | Found a white marble altar of Elyvilon.
   224 | D        | Found a blossoming altar of Fedhas.
   224 | D        | Found an opulent altar of Gozag.
   225 | D        | Found a hazy altar of Hepliaklqana.
   226 | D        | Found a viscous altar of Jiyva.
   227 | D        | Found an ancient bone altar of Kikubaaqudgha.
   228 | D        | Found a corrupted altar of Lugonu.
   229 | D        | Found a burning altar of Makhleb.
   230 | D        | Found a sparkling altar of Nemelex Xobeh.
   231 | D        | Found an iron altar of Okawaru.
   232 | D        | Found a stormy altar of Qazlal.
   234 | D        | Became a worshipper of Gozag Ym Sagoz the Greedy
   236 | D        | Found a sacrificial altar of Ru.
   237 | D        | Found a shimmering blue altar of Sif Muna.
   238 | D        | Found a bloodstained altar of Trog.
   239 | D        | Found a hide-covered altar of Uskayaw.
   240 | D        | Found a radiant altar of Vehumet.
   241 | D        | Found an ornate altar of the Wu Jian Council.
   242 | D        | Found a shimmering altar of Xom.
   243 | D        | Found a basalt altar of Yredelemnul.
   244 | D        | Found a glowing silver altar of Zin.
   245 | D        | Found a glowing golden altar of the Shining One.
   271 | D        | Noticed a yak
   271 | D        | Noticed a troll
   271 | D        | Noticed a wyvern
   271 | D        | Noticed an orc warrior
   280 | D        | Reached skill level 5 in Dodging
   282 | D        | Killed an orc warrior
   283 | D        | Reached skill level 9 in Unarmed Combat
   284 | D        | Killed a wyvern
   285 | D        | Reached skill level 5 in Stealth
   285 | D        | Reached skill level 10 in Unarmed Combat
   285 | D        | Reached XP level 7. HP: 44/44 MP: 7/7
   287 | D        | Killed a troll
   288 | D        | Reached skill level 11 in Unarmed Combat
   288 | D        | Reached skill level 1 in Evocations
   288 | D        | Reached skill level 10 in Shapeshifting
   292 | D        | Killed a yak
   293 | D        | Reached XP level 8. HP: 50/50 MP: 8/8
   410 | D        | Noticed a centaur warrior
   410 | D        | Noticed a cyclops
   410 | D        | Noticed a troll
   410 | D        | Noticed a centaur warrior
   410 | D        | Noticed a deep elf pyromancer
   410 | D        | Noticed a wraith
   414 | D        | Killed a wraith
   414 | D        | Shot with an arrow by a centaur warrior

Illustrated notes

Levels and vault maps discovered:
D:        linesprint [early_d, line_temple, items_1, d_10, items_2, lair_1,
          lair_end, items_3, orc_1, orc_end, items_4, d_15, swamp_1, shoals_1,
          snake_1, spider_1, d_20, vaults_1, items_5, swamp_end, shoals_end,
          snake_end, spider_end, vaults_end, d_27, items_6, zot_1, zot_end,
          crypt_end, forest_end, elf_end, slime_end, tomb_end, abyss_end,
          pan_hell_end]

Skill      XL: |  1  2  3  4  5  6  7 |
---------------+----------------------+-----
Dodging        | 3 4 5 6 |  6.2
Stealth        | 1 2 5 6 |  6.9
Unarmed Combat | 5 7 8 10 11 | 11.3
Shapeshifting  | 5 7 8 9 10 | 10.4
Evocations     | 1 |  1.2
Fighting       | |  1.8

Action                     |  1- 3 |  4- 6 |  7- 9 || total
---------------------------+-------+-------+-------++-------
  Melee: Unarmed           |    16 |    18 |     6 ||    40
         Constrict         |     5 |     2 |       ||     7
         Tentacles         |     1 |     2 |     4 ||     7
         Punch             |       |     2 |       ||     2
  Evoke: Wand              |       |     2 |     4 ||     6
    Use: Potion            |     1 |     1 |       ||     2
   Stab: Sleeping          |     1 |       |       ||     1
         Invisible         |       |     3 |     1 ||     4
 Armour: Skin              |     6 |     4 |     3 ||    13
  Dodge: Dodged            |     8 |    12 |     4 ||    24

Table legend: (Time is in decaauts)
 A = Elapsed time spent in this place.
 B = Non-inter-level travel time spent in this place.
 C = Inter-level travel time spent in this place.
 D = Time resting spent in this place.
 E = Time spent auto-exploring this place.
 F = Levels seen in this place.
 G = Mean time per level.
                   A        B        C        D        E       F      G
               +--------+--------+--------+--------+--------+-----+--------+
         Total |    414 |    414 |      0 |    290 |      0 |   1 |  414.0 |
       Dungeon |    414 |    414 |      0 |    290 |      0 |   1 |  414.0 |
               +--------+--------+--------+--------+--------+-----+--------+

Top non-repeatable levels by time:
       D: 414 daAuts
